 Dungeon Crawl Stone Soup version 0.27-a0-343-gfcad680f63 (webtiles) character file.

Game seed: 10353538853406785562

11 inc the Vexing (level 2, 0/11 HPs)
             Began as a Felid Enchanter on Feb 14, 2021.
             Slain by a jackal (2 damage)
             ... on level 1 of the Dungeon.
             The game lasted 00:00:40 (223 turns).

inc the Vexing (Felid Enchanter)                     Turns: 223, Time: 00:00:40

Health: 0/11       AC:  1    Str:  4    XL:     2   Next: 13%
Magic:  6/6        EV: 18    Int: 16    God:
Gold:   14         SH:  0    Dex: 16    Spells: 4/5 levels left
                                        Lives:  0   Deaths: 0

rFire    . . .     SeeInvis +     - Unarmed
rCold    . . .     Faith    .   (shield unavailable)
rNeg     . . .     Spirit   .   (armour unavailable)
rPois    .         Reflect  .   (helmet unavailable)
rElec    .         Harm     .   (cloak unavailable)
rCorr    .         Rampage  .   (gloves unavailable)
Will     .....                  (boots unavailable)
Stlth    +++.......             (no amulet)
HPRegen  0.03/turn              (no ring)
MPRegen  0.10/turn              (no ring)

@: quick
A: very small, no armour, no weapons or thrown items, stealth, claws 1, fangs 3,
see invisible, speed 1, shaggy fur 1, sharp paws
a: no special abilities


You were on level 1 of the Dungeon.
You visited 1 branch of the dungeon, and saw 1 of its levels.

You collected 14 gold pieces.

Inventory:

Jewellery
 e - a +4 ring of evasion {unknown}
Scrolls
 c - a scroll of fear {unknown}
Potions
 a - a potion of mutation {unknown}
 b - a potion of flight {unknown}
 d - a potion of curing {unknown}
 f - a potion of ambrosia {unknown}


   Skills:
 - Level 2.6 Dodging
 - Level 4.0 Stealth
 + Level 2.2 Unarmed Combat
 - Level 2.0 Spellcasting
 - Level 4.4 Hexes


You had 4 spell levels left.
You knew the following spells:

 Your Spells              Type           Power        Failure   Level
a - Corona                Hex            16%          3%          1

Your spell library contained the following spells:

 Spells                   Type           Power        Failure   Level
 Confusing Touch          Hex            15%          11%         3
 Tukima's Dance           Hex            15%          11%         3
 Ensorcelled Hibernation  Hex/Ice        16%          13%         2
 Dazzling Flash           Conj/Hex       16%          26%         3


Dungeon Overview and Level Annotations

Branches:
Dungeon (1/15)

Altars:


Innate Abilities, Weirdness & Mutations

You cannot wear armour.
You are incapable of wielding weapons or throwing items.
Your paws allow you to move quietly. (Stealth)
You have sharp claws.
You have razor-sharp teeth.
You have supernaturally acute eyesight. (SInv)
You cover ground quickly.
You are covered in fur. (AC +1)
Your sharp claws are effective at attacking unaware monsters.


Message History

You scratch the jackal but do no damage.
The jackal bites you.
You miss the jackal. The jackal bites you. The jackal misses you.
The jackal barks!
You scratch the jackal.
The jackal is heavily wounded.
The jackal barely misses you.
You scratch the jackal but do no damage.
The jackal is heavily wounded.
The jackal misses you.
You scratch the jackal.
You kill the jackal!
You miss the jackal. The jackal bites you. x2
* * * LOW HITPOINT WARNING * * *
You are too injured to fight recklessly!
You are too injured to fight recklessly!
Unknown command.
The jackal bites you.
* * * LOW HITPOINT WARNING * * *
You see here 10 stones.
Unknown command.
The jackal closely misses you.
You see here a leopard gecko corpse.
The jackal misses you.
The jackal bites you but does no damage.
The jackal misses you. The jackal misses you.
A frilled lizard comes into view.
The frilled lizard hisses angrily.
The jackal barely misses you.
The frilled lizard unfolds its giant frill.
The jackal misses you.
Found a scroll labelled MAFRAGA XAANEI.
A frilled lizard comes into view.
Found a robe.
A hobgoblin comes into view. It is wielding a +0 club.
Found a stone staircase leading down.
The jackal misses you. The jackal bites you.
You die...

#.###.###h#........ ####.# #.#
#[......... .... ...lh###.#
###............. #. .........#
#h............ . ####.#####
#.########...# .##. #.# #.# ...
....# #.# #####.### #.##....# #.#
#....[h.#######.......# ##.##
#.###..h@..............
##...###h# ##.########........
##(....##.####......hh†..........
#......h#.##.......###...[...##..
..........##.#..##.†...#.#.#.##..
#...)...####.#..######.#...#.##..
##.....## #.#..# #.#####.....
......## #.#..# #.# ###.##..
####### #.#..######.###...##..


You could see 2 jackals.

Vanquished Creatures
  A leopard gecko (D:1)
  A giant cockroach (D:1)
  2 goblins (D:1)
  A hobgoblin (D:1)
  A jackal (D:1)
  2 frilled lizards (D:1)
  A kobold (D:1)
9 creatures vanquished.

Notes
Turn   | Place    | Note
-------+----------+-------------------------------------------
     0 | D:1      | inc the Felid Enchanter began the quest for the Orb.
     0 | D:1      | Reached XP level 1. HP: 7/7 MP: 4/4
   123 | D:1      | Reached XP level 2. HP: 9/11 MP: 6/6
   223 | D:1      | Slain by a jackal

Illustrated notes

Levels and vault maps discovered:
D:1:      lightli_arrival_boilingwater, layout_loops_ring

Skill      XL: |  1 |
---------------+----+-----
Unarmed Combat | 2 |  2.2
Dodging        | |  2.6
Stealth        | |  4.0
Spellcasting   | |  2.0
Hexes          | |  4.4

Action                   || total
-------------------------++-------
Melee: Unarmed           ||    14
 Stab: Sleeping          ||     4
Armor: Skin              ||     1
Dodge: Dodged            ||    10

Table legend: (Time is in decaauts)
 A = Elapsed time spent in this place.
 B = Non-inter-level travel time spent in this place.
 C = Inter-level travel time spent in this place.
 D = Time resting spent in this place.
 E = Time spent auto-exploring this place.
 F = Levels seen in this place.
 G = Mean time per level.
                   A        B        C        D        E       F      G
               +--------+--------+--------+--------+--------+-----+--------+
         Total |    184 |    184 |      0 |      0 |     66 |   1 |  184.0 |
       Dungeon |    184 |    184 |      0 |      0 |     66 |   1 |  184.0 |
               +--------+--------+--------+--------+--------+-----+--------+

Top non-repeatable levels by time:
     D:1: 184 daAuts
